 Dungeon Crawl Stone Soup version 0.30-a0-476-g330ca2eb8e (webtiles) character file.

Game seed: 7093599238998711368

538 Jase the Digger (level 7, -2/36 HPs)
             Began as a Gargoyle Earth Elementalist on Dec 22, 2022.
             Was an Initiate of Ashenzari.
             Slain by a hobgoblin (3 damage)
             ... on level 4 of the Dungeon.
             The game lasted 00:24:28 (4749 turns).

Jase the Digger (Gargoyle Earth Elementalist)       Turns: 4749, Time: 00:24:28

Health: -2/36      AC:  9    Str: 11    XL:     7   Next: 26%
Magic:  4/10       EV: 12    Int: 18    God:    Ashenzari [......]
Gold:   115        SH:  0    Dex: 10    Spells: 0/10 levels left

rFire   . . .      SeeInvis .    a - +0 short sword (venom)
rCold   . . .      Faith    .    (no shield)
rNeg    + . .      Spirit   .    d - +0 robe
rPois   ∞          Reflect  .    (no helmet)
rElec   +          Harm     .    (no cloak)
rCorr   .          Rampage  .    w - +0 pair of gloves
Will    .....                    g - +1 pair of boots
Stlth   +++.......               (no amulet)
HPRegen 0.26/turn                (no ring)
MPRegen 0.12/turn                (no ring)

@: no status effects
A: sickness immunity, AC +4, negative energy resistance 1, electricity
resistance, torment resistance 1, petrification resistance
a: Renounce Religion


You were on level 4 of the Dungeon.
You worshipped Ashenzari.
Ashenzari was noncommittal.
You visited 2 branches of the dungeon, and saw 5 of its levels.
You also visited: Sewer.

You collected 115 gold pieces.

Inventory:

Hand Weapons
 a - a +0 short sword of venom (weapon)
 b - a +1 dagger of draining
Missiles
 e - a curare-tipped dart
 h - 29 poisoned darts (quivered)
 n - 26 stones
Armour
 d - a +0 robe (worn)
 g - a +1 pair of boots (worn)
 j - a +2 chain mail of willpower
 q - a +0 ring mail
 w - a +0 pair of gloves (worn)
Scrolls
 m - 2 scrolls of magic mapping
 r - a scroll of amnesia {unknown}
 s - 2 scrolls of identify {unknown}
 t - a scroll of fear {unknown}
 v - a scroll of fog {unknown}
Potions
 c - a potion of curing {unknown}
 f - 2 potions of cancellation
 i - 2 potions of heal wounds {unknown}
 k - 3 potions of might {unknown}
 l - a potion of resistance {unknown}
 o - a potion of magic
 p - a potion of invisibility {unknown}
 u - a potion of attraction {unknown}
 x - a potion of experience {unknown}


   Skills:
 + Level 3.1 Short Blades
 - Level 3.0 Dodging
 + Level 5.0 Stealth
 - Level 2.0 Spellcasting
 + Level 1.8 Transmutations
 + Level 5.6 Earth Magic


You couldn't memorise any spells.
You knew the following spells:

 Your Spells              Type           Power      Damage    Failure   Level
a - Sandblast             Erth           42%        2d11      1%          1
b - Passwall              Tmut/Erth      12%        N/A       6%          2
c - Stone Arrow           Conj/Erth      22%        3d8       17%         3
d - Petrify               Tmut/Erth      15%        N/A       36%         4

Your spell library contained the following spells:

 Spells                   Type           Power      Damage    Failure   Level
 Magic Dart               Conj           4%         1d3       19%         1
 Searing Ray              Conj           2%         2d4       26%         2
 Gell's Gravitas          Tloc           1%         N/A       47%         3
 Teleport Other           Tloc           1%         N/A       47%         3
 Fulminant Prism          Conj/Hex       0%         3d5       87%         4
 Dispersal                Tloc           0%         N/A       100%        6


Dungeon Overview and Level Annotations

Branches:
Dungeon (4/15)             Temple (1/1) D:4           Sewer (visited)

Altars:
Ashenzari
Cheibriados
Dithmenos
Fedhas
Gozag
Hepliaklqana
Kikubaaqudgha
Makhleb
Nemelex Xobeh
Okawaru
Qazlal
Ru
Sif Muna
Trog
Vehumet
Wu Jian
Xom
Yredelemnul
Zin
The Shining One

Shops:
D:3 :

Annotations:
D:2 1 runed translucent door, Crazy Yiuf


Innate Abilities, Weirdness & Mutations

You are immune to sickness and miasma.
Your stone body is resilient. (AC +4)
You are immune to poison.
You resist negative energy. (rN+)
You are resistant to electric shocks. (rElec)
You are resistant to unholy torment.
You are immune to petrification.


Message History

* * * LOW HITPOINT WARNING * * *
The steam dragon misses you.
Casting: Sandblast (safe; 1% risk of failure)
Confirm with . or Enter, or press ? or * to list all spells.
Aiming: Sandblast (safe; 1% risk of failure)
Press: ? - help, Shift-Dir - straight line, f/p - steam dragon
Aim: a steam dragon (heavily wounded, 83% to hit)
The blast of sand hits the steam dragon but does no damage.
The steam dragon is heavily wounded.
The steam dragon barely misses you. The steam dragon misses you.
The steam dragon bites you but does no damage.
The steam dragon closely misses you.
The kobold throws a poisoned dart.
The poisoned dart closely misses you.
It was a potion of cancellation.
You feel magically purged.
A hobgoblin comes into view.
The steam dragon bites you.
* * * LOW HITPOINT WARNING * * *
The steam dragon claws you but does no damage.
Casting: Sandblast (safe; 1% risk of failure)
Confirm with . or Enter, or press ? or * to list all spells.
Aiming: Sandblast (safe; 1% risk of failure)
Press: ? - help, Shift-Dir - straight line, f/p - steam dragon
Aim: a steam dragon (heavily wounded, 83% to hit)
The blast of sand hits the steam dragon!
The steam dragon is almost dead.
The steam dragon barely misses you.
The steam dragon claws you but does no damage.
The hobgoblin hits you but does no damage.
Casting: Sandblast (safe; 1% risk of failure)
Confirm with . or Enter, or press ? or * to list all spells.
Aiming: Sandblast (safe; 1% risk of failure)
Press: ? - help, Shift-Dir - straight line, f/p - steam dragon
Aim: a steam dragon (almost dead, 83% to hit)
The blast of sand hits the steam dragon but does no damage.
The steam dragon is almost dead.
The steam dragon breathes steam at you. The ball of steam hits you.
* * * LOW HITPOINT WARNING * * *
The hobgoblin hits you.
You die...

### #.#### ..#### #.....## ..
...#######..#....####. .#
#..........#D..K..... .#
#.......#.#@#....# .
#........###g....# #
#.....#...#...#..#
########....#.....#.....#
......#..#####.>.#####...
......##...)#.....# .
......###..#...#...#......
..............###....>.......
......#......#.# #..#........


You could see a steam dragon (catching breath), a hobgoblin and a kobold.

Vanquished Creatures
  2 kobold brigands (Sewer)
  Blork the orc (D:4)
  A necrophage (D:3)
  A jelly (D:4)
  An orc wizard (D:4)
  Terence (D:2)
  2 adders
  8 river rats
  2 dart slugs (D:2)
  4 orcs (D:3)
  9 ball pythons
  4 bats
  2 endoplasms
  A giant cockroach (D:1)
  6 goblins
  4 hobgoblins
  25 kobolds
  4 quokkas
  7 frilled lizards
  24 rats
  3 toadstools (D:1)
112 creatures vanquished.

Vanquished Creatures (others)
  A toadstool (D:1)
1 creature vanquished.

Grand Total: 113 creatures vanquished

Notes
Turn   | Place    | Note
-------+----------+-------------------------------------------
     0 | D:1      | Jase the Gargoyle Earth Elementalist began the quest for
                  | the Orb.
     0 | D:1      | Reached XP level 1. HP: 10/10 MP: 3/3
   244 | D:1      | Reached XP level 2. HP: 15/15 MP: 0/5
   405 | D:1      | Found a faded altar of an unknown god.
   963 | D:2      | Reached XP level 3. HP: 19/19 MP: 6/6
   966 | D:2      | Learned a level 2 spell: Passwall
  1041 | D:2      | Found a burning altar of Makhleb.
  1326 | D:2      | Noticed Terence
  1344 | D:2      | Killed Terence
  1345 | D:2      | Reached skill level 1 in Short Blades
  1565 | D:2      | Reached XP level 4. HP: 24/24 MP: 7/7
  1737 | D:2      | Found a runed translucent door.
  1738 | D:2      | Noticed Crazy Yiuf
  2076 | D:3      | Found a glowing drain.
  2080 | Sewer    | Entered a sewer
  2175 | Sewer    | Noticed a kobold brigand
  2190 | Sewer    | Killed a kobold brigand
  2191 | Sewer    | Reached XP level 5. HP: 26/28 MP: 4/8
  2356 | Sewer    | Noticed a kobold brigand
  2382 | Sewer    | Killed a kobold brigand
  2383 | Sewer    | Reached XP level 6. HP: 16/32 MP: 7/9
  2640 | Sewer    | Reached skill level 1 in Transmutations
  2640 | Sewer    | Reached skill level 5 in Earth Magic
  3405 | D:3      | Found a snail-covered altar of Cheibriados.
  3558 | D:3      | Found a burning altar of Makhleb.
  3572 | D:3      | Found a glowing golden altar of the Shining One.
  3573 | D:3      | Found an ancient bone altar of Kikubaaqudgha.
  3573 | D:3      | Found a blossoming altar of Fedhas.
  3573 | D:3      | Found a sacrificial altar of Ru.
  3573 | D:3      | Found an iron altar of Okawaru.
  3574 | D:3      | Found a sparkling altar of Nemelex Xobeh.
  3575 | D:3      | Found a shadowy altar of Dithmenos.
  4076 | D:3      | Found a shimmering altar of Xom.
  4182 | D:3      | Found Mabaalem's Book Emporium.
  4527 | D:4      | Noticed a steam dragon
  4543 | D:3      | Reached XP level 7. HP: 32/36 MP: 10/10
  4606 | D:4      | Noticed Blork the orc
  4619 | D:4      | Killed Blork the orc
  4620 | D:4      | Reached skill level 5 in Stealth
  4636 | D:4      | Found a staircase to the Ecumenical Temple.
  4644 | Temple   | Entered the Ecumenical Temple
  4649 | Temple   | Learned a level 3 spell: Stone Arrow
  4654 | Temple   | Learned a level 4 spell: Petrify
  4719 | Temple   | Became a worshipper of Ashenzari the Shackled
  4749 | D:4      | HP: 1/36 [steam dragon/ball of steam (3)]
  4749 | D:4      | Slain by a hobgoblin

Illustrated notes

Levels and vault maps discovered:
D:1:      ldierk_water_garden, layout_loops_ring, basic_ecumenical_altar
D:2:      layout_basic, basic_altar, minivault_24, uniq_crazy_yiuf_cottage,
          uniq_terence
D:3:      layout_basic, minitemple, cheibriados_altar_1,
          mainiacjoe_overflow_concentric_impassable, gup_sewer_entry_bowl,
          serial_shops, shop, patterned_corridor
D:4:      layout_rooms, minmay_temple_entry_arrows, corexii_leaking_fountain,
          uniq_blork_the_orc, uniq_sigmund
Temple:   compressed_dpeg_circular_temple

Skill      XL: |  1  2  3  4  5  6  7 |
---------------+----------------------+-----
Dodging        | 2 3 |  3.0
Stealth        | 3 4 5 |  5.0
Short Blades   | 1 2 3 |  3.1
Earth Magic    | 4 5 |  5.6
Transmutations | 1 |  1.8
Spellcasting   | |  2.0

Action                   |  1- 3 |  4- 6 |  7- 9 || total
-------------------------+-------+-------+-------++-------
Melee: Unarmed           |    13 |       |       ||    13
       Punch             |     3 |     4 |       ||     7
       Short sword       |    56 |   248 |     9 ||   313
Throw: Dart              |       |    10 |       ||    10
 Cast: Sandblast         |    19 |    37 |     7 ||    63
       Passwall          |     3 |     4 |     1 ||     8
  Use: Scroll            |       |     2 |       ||     2
       Potion            |       |       |     1 ||     1
 Stab: Sleeping          |     9 |     5 |     2 ||    16
Armor: Robe              |    11 |    84 |     7 ||   102
Dodge: Dodged            |    31 |   145 |    12 ||   188

Table legend: (Time is in decaauts)
 A = Elapsed time spent in this place.
 B = Non-inter-level travel time spent in this place.
 C = Inter-level travel time spent in this place.
 D = Time resting spent in this place.
 E = Time spent auto-exploring this place.
 F = Levels seen in this place.
 G = Mean time per level.
                   A        B        C        D        E       F      G
               +--------+--------+--------+--------+--------+-----+--------+
         Total |   4765 |   3928 |    837 |    652 |   2026 |   6 |  794.2 |
       Dungeon |   3617 |   2797 |    820 |    352 |   1781 |   4 |  904.2 |
        Temple |     92 |     75 |     17 |      0 |     52 |   1 |   92.0 |
         Sewer |   1055 |   1055 |      0 |    300 |    193 |   1 | 1055.0 |
               +--------+--------+--------+--------+--------+-----+--------+

Top non-repeatable levels by time:
     D:3: 1486 daAuts
   Sewer: 1055 daAuts
     D:2: 1020 daAuts
     D:1: 916 daAuts
     D:4: 193 daAuts
  Temple: 92 daAuts
